 Dungeon Crawl Stone Soup version 0.26-a0-854-gdc81c2f471 (webtiles) character file.

Game seed: 10930366973742637679

11781 pablito the Martial Artist (level 11, -2/76 HPs)
             Began as an Octopode Transmuter on Nov 23, 2020.
             Was a Priest of Ru.
             Slain by a skeletal warrior
             ... wielding a +0 scimitar
             ... led by a skeletal warrior
              (8 damage)
             ... on level 12 of the Dungeon.
             The game lasted 00:45:21 (14087 turns).

pablito the Martial Artist (Octopode Transmuter)   Turns: 14087, Time: 00:45:22

Health: -2/76      AC:  5    Str: 16    XL:     11   Next: 83%
Magic:  11/16      EV: 16    Int: 16    God:    Ru [***...]
Gold:   1578       SH:  0    Dex: 17    Spells: 5/16 levels left

rFire    . . .     SeeInvis .     - Unarmed
rCold    + . .     Faith    +   (shield currently unavailable)
rNeg     . . .     Spirit   .   (helmet restricted)
rPois    .         Reflect  .   g - amulet of faith
rElec    .         Harm     .   c - ring of ice
rCorr    .         Rampage  .   f - ring of protection from fire
MR       .....     Clarity  +   k - +6 ring of strength
Stlth    +++++.....             (no ring)
HPRegen  0.22/turn              (no ring)
MPRegen  0.15/turn              (no ring)
                                (no ring)
                                (no ring)

@: blade tentacles, no scrolls, lightly drained
A: almost no armour, stealthy swim, amphibious, 8 rings, constrict 8, iridescent
scales 1, yellow scales 1, camouflage 1, agile 1, clarity, gelatinous body 1,
inability to read while threatened, inability to use devices
a: End Transformation, Draw Out Power, Renounce Religion


You were on level 12 of the Dungeon.
You worshipped Ru.
Ru was most pleased with you.
You had blades for tentacles.
You visited 1 branch of the dungeon, and saw 12 of its levels.

You collected 1748 gold pieces.
You spent 170 gold pieces at shops.

Inventory:

Missiles
 a - 32 boomerangs (quivered)
 s - 8 javelins
Magical Staves
 t - an uncursed staff of cold
Jewellery
 c - a ring of ice (left scythe-like blade)
 f - a ring of protection from fire (right scythe-like blade)
 g - an amulet of faith (around mantle)
 k - a +6 ring of strength (on tentacle)
 v - the amulet of Motein {Inacc rPois MR+ Str+3}
   (You bought it in a shop on level 7 of the Dungeon)

   [amulet of inaccuracy]

   It reduces the accuracy of all your attacks.
   It affects your strength (+3).
   It protects you from poison.
   It affects your resistance to hostile enchantments.
Scrolls
 b - 7 scrolls of identify
 d - 3 scrolls of teleportation
 i - a scroll of vulnerability
 j - a scroll of blinking {unknown}
 p - a scroll of fog
 u - 3 scrolls of magic mapping
 w - 2 scrolls of remove curse
Potions
 e - 2 potions of might
 h - 2 potions of mutation
 l - 2 potions of curing
 m - a potion of attraction {unknown}
 n - a potion of flight {unknown}
 o - a potion of cancellation {unknown}
 q - a potion of haste {unknown}
 r - 2 potions of degeneration {unknown}
 x - a potion of ambrosia {unknown}


   Skills:
 + Level 7.7(7.2) Fighting
 - Level 5.0(4.5) Dodging
 + Level 10.0(9.5) Stealth
 * Level 10.8(10.3) Unarmed Combat
 + Level 3.3(2.9) Spellcasting
 + Level 8.0(7.6) Transmutations
 - Level 4.0(3.5) Poison Magic


You had 5 spell levels left.
You knew the following spells:

 Your Spells              Type           Power        Failure   Level
a - Beastly Appendage     Tmut           ####..       14%         1
b - Spider Form           Tmut/Pois      ###.......   36%         3
c - Blade Hands           Tmut           ####......   65%         5
d - Wereblood             Tmut           ####....     17%         2

Your spell library contained the following spells:

 Spells                   Type           Power        Failure   Level
 Magic Dart               Conj           #...         61%         1
 Searing Ray              Conj           #.....       71%         2
 Ice Form                 Ice/Tmut       ###.....     78%         4
 Dazzling Flash           Conj/Hex       #.....       87%         3
 Irradiate                Conj/Tmut      ##........   96%         5
 Fulminant Prism          Conj/Hex       #.........   99%         4
 Iskenderun's Mystic Bla  Conj/Tloc      #.......     99%         4
 Hydra Form               Tmut           ####......   97%         6
 Statue Form              Tmut/Erth      ##.......    100%        6
 Dragon Form              Tmut           ####......   100%        7


Dungeon Overview and Level Annotations

Branches:
Dungeon (12/15)            Temple (0/1) D:5            Lair (0/6) D:11
    Orc (0/2) D:10

Altars:
Ashenzari
Elyvilon
Gozag
Hepliaklqana
Qazlal
Ru
Vehumet

Shops:
D:4 *   D:7 *

Portals:
Trove: D:11 (give +5 demon whip)


Innate Abilities, Weirdness & Mutations

You cannot wear most types of armour.
You are very stealthy in the water. (Stealth+)
You are amphibious.
You can wear up to eight rings at the same time.
You can use your tentacles to constrict eight enemies at once.
Your skin changes colour to match your surroundings (Stealth+).
Your rubbery body absorbs attacks. (AC +1, EV +1)
You cannot read scrolls while threatened.
You cannot study or use magical devices.
You are partially covered in iridescent scales. (AC +2)
You are partially covered in yellow scales. (AC +2)
You are agile. (Dex +2)
You possess an exceptional clarity of mind.


Message History

The worker ant bites you but does no damage.
Your life force feels restored.
Your Stealth skill increases to level 10!
Your Transmutations skill increases to level 8!
You slice the worker ant!!
You kill the worker ant!
You slice the skeletal warrior!! Your grab misses the skeletal warrior.
The skeletal warrior is heavily damaged.
The skeletal warrior hits you with a +0 scimitar!
You hit the skeletal warrior but do no damage.
Your grab misses the skeletal warrior.
You squeeze the skeletal warrior, but do no damage.
The skeletal warrior is heavily damaged.
The skeletal warrior barely misses you.
The skeletal warrior hits you with a +0 mace of draining!
* * * LOW HITPOINT WARNING * * *
You feel drained.
* * * LOW HITPOINT WARNING * * *
The skeletal warrior hits you with a +0 scimitar!
You die...

##########
##........#
..........#
.......zz.#####
.......@z......
........z......
...............
...............
...............
.........######
########.# .#


You could see 4 skeletal warriors.

Vanquished Creatures
  Fannar (D:11)
  2 two-headed ogres
  A skeletal warrior (D:12)
  Pikel (D:9)
  A manticore (D:11)
  An elephant (D:11)
  A centaur zombie (D:10)
  2 gargoyles
  Maggie (D:9)
  A troll (D:9)
  A hornet (D:8)
  Sigmund (D:3)
  2 wyverns (D:11)
  2 basilisks (D:11)
  5 yaks (D:11)
  A water moccasin (D:9)
  A necrophage (D:11)
  A black bear (D:8)
  4 orc warriors
  4 ice beasts
  5 sky beasts
  3 centaurs
  4 ogres
  2 big kobolds (D:10)
  8 bullfrogs
  A wyvern skeleton (D:11)
  4 scorpions
  7 wights
  10 killer bees
  A quasit (D:6)
  3 bullfrog zombies
  A bullfrog skeleton (D:10)
  5 hounds
  2 orc priests
  3 centaur skeletons
  4 orc wizards
  A gnoll shaman (D:8)
  Jessica (D:3)
  4 iguanas
  12 worker ants
  A hound zombie (D:6)
  A worker ant zombie (D:8)
  4 gnolls
  14 adders
  A shadow imp (D:7)
  4 white imps
  2 ufetubi
  An ooze (D:2)
  An adder skeleton (D:7)
  A dart slug (D:3)
  3 leopard geckos
  30 orcs
  8 bats
  3 giant cockroaches
  5 goblins
  4 hobgoblins
  11 jackals
  12 kobolds
  3 quokkas
  6 frilled lizards
  A leopard gecko skeleton (D:4)
  A quokka zombie (D:5)
  5 rats
237 creatures vanquished.

Vanquished Creatures (others)
  A wyvern zombie (D:6)
1 creature vanquished.

Grand Total: 238 creatures vanquished

Notes
Turn   | Place    | Note
-------+----------+-------------------------------------------
     0 | D:1      | pablito the Octopode Transmuter began the quest for the
                  | Orb.
     0 | D:1      | Reached XP level 1. HP: 13/13 MP: 3/3
   170 | D:1      | Reached XP level 2. HP: 18/18 MP: 3/5
   614 | D:1      | Reached XP level 3. HP: 19/24 MP: 4/6
  1180 | D:2      | Learned a level 3 spell: Spider Form
  1200 | D:2      | Reached XP level 4. HP: 21/29 MP: 5/7
  2032 | D:3      | Reached XP level 5. HP: 35/35 MP: 6/8
  2098 | D:3      | Found a sacrificial altar of Ru.
  2104 | D:3      | Became a worshipper of Ru the Awakened
  2143 | D:3      | Found an opulent altar of Gozag.
  2818 | D:3      | Found a faded altar of an unknown god.
  2874 | D:3      | Noticed Jessica
  2885 | D:3      | Killed Jessica
  2886 | D:3      | Reached skill level 1 in Stealth
  2992 | D:3      | Noticed Sigmund
  3002 | D:3      | Killed Sigmund
  3003 | D:3      | Reached skill level 1 in Poison Magic
  3003 | D:3      | Reached skill level 1 in Evocations
  3003 | D:3      | Reached XP level 6. HP: 21/42 MP: 5/9
  3331 | D:4      | Found Lakoat's General Store.
  3376 | D:4      | Gained mutation: You cannot read scrolls while threatened.
                  | [Ru sacrifice]
  3376 | D:4      | Reached * piety under Ru
  3664 | D:4      | Reached XP level 7. HP: 9/46 MP: 6/10
  3833 | D:4      | Gained mutation: You are partially covered in yellow
                  | scales. (AC +2) [potion of mutation]
  3833 | D:4      | Gained mutation: You are partially covered in iridescent
                  | scales. (AC +2) [potion of mutation]
  3833 | D:4      | Gained mutation: You possess an exceptional clarity of
                  | mind. [potion of mutation]
  3833 | D:4      | Gained mutation: You are agile. (Dex +2) [potion of
                  | mutation]
  4411 | D:4      | Reached skill level 5 in Unarmed Combat
  4835 | D:5      | Entered Level 5 of the Dungeon
  5140 | D:5      | Found a staircase to the Ecumenical Temple.
  5337 | D:5      | Found a hazy altar of Hepliaklqana.
  5667 | D:6      | Reached XP level 8. HP: 47/54 MP: 8/11
  5973 | D:6      | Found a stormy altar of Qazlal.
  6919 | D:6      | Reached XP level 9. HP: 52/59 MP: 9/12
  7044 | D:7      | Found Kaqot's Assorted Antiques.
  7049 | D:7      | Bought a steaming ruby amulet for 170 gold pieces
  7165 | D:7      | Reached skill level 5 in Stealth
  7165 | D:7      | Reached skill level 5 in Transmutations
  7315 | D:7      | Identified the amulet of Motein {Inacc rPois MR+ Str+3}
                  | (You bought it in a shop on level 7 of the Dungeon)
  7607 | D:7      | Found a radiant altar of Vehumet.
  7941 | D:8      | Reached skill level 5 in Fighting
  8105 | D:8      | Noticed a two-headed ogre
  8123 | D:8      | Killed a two-headed ogre
  8496 | D:8      | Noticed a hornet
  8506 | D:8      | Killed a hornet
  8507 | D:8      | Reached skill level 5 in Evocations
  8507 | D:8      | Reached XP level 10. HP: 47/66 MP: 10/13
  8618 | D:8      | Reached skill level 5 in Dodging
  9009 | D:9      | Gained mutation: You cannot study or use magical devices.
                  | [Ru sacrifice]
  9009 | D:9      | Reached ** piety under Ru
  9009 | D:9      | Reached *** piety under Ru
  9259 | D:9      | Noticed Pikel
  9263 | D:9      | Noticed a two-headed ogre
  9271 | D:9      | Killed Pikel
  9287 | D:9      | Killed a two-headed ogre
  9609 | D:9      | Noticed Maggie
  9630 | D:9      | Killed Maggie
 10376 | D:9      | Found a white marble altar of Elyvilon.
 10814 | D:10     | Entered Level 10 of the Dungeon
 10851 | D:10     | Learned a level 5 spell: Blade Hands
 10854 | D:10     | Learned a level 2 spell: Wereblood
 11201 | D:10     | Reached XP level 11. HP: 67/74 MP: 14/14
 11489 | D:10     | Found a staircase to the Orcish Mines.
 12034 | D:10     | Reached skill level 10 in Unarmed Combat
 12318 | D:11     | Found a staircase to the Lair.
 12808 | D:11     | Noticed Fannar
 12837 | D:11     | HP: 7/75 [ice beast[Fannar] (2)]
 12837 | D:11     | HP: 3/75 [ice beast[Fannar] (4)]
 12848 | D:11     | Killed Fannar
 13213 | D:11     | Found a broken altar of Ashenzari.
 13439 | D:11     | Identified a scroll of acquirement
 13439 | D:11     | Acquired 1135 gold pieces
 13678 | D:11     | Noticed a manticore
 13687 | D:11     | Killed a manticore
 13812 | D:11     | Found a portal to a secret trove of treasure.
 14028 | D:12     | Noticed an eight-headed hydra
 14028 | D:12     | Noticed a boulder beetle
 14078 | D:12     | Noticed a skeletal warrior
 14078 | D:12     | Noticed a skeletal warrior
 14078 | D:12     | Noticed a skeletal warrior
 14078 | D:12     | Noticed a skeletal warrior
 14078 | D:12     | Noticed a skeletal warrior
 14083 | D:12     | Killed a skeletal warrior
 14084 | D:12     | Reached skill level 10 in Stealth
 14087 | D:12     | HP: 7/76 [skeletal warrior/+0 mace of draining[a skeletal
                  | warrior] (17)]
 14087 | D:12     | Slain by a skeletal warrior

Illustrated notes

Levels and vault maps discovered:
D:1:      minmay_arrival_diagonal_passages, layout_loops_ring
D:2:      layout_basic, minivault_11
D:3:      layout_basic, old_standard_altar, general_overflow_altar,
          chequers_ecumenical_altar_simple, hex_medium, uniq_jessica,
          uniq_sigmund
D:4:      layout_layer_cave, serial_shops, nicolae_shop_behind_doors,
          hangedman_decor_points
D:5:      layout_rooms, lemuel_crystal_altar, temple_pool_b
D:6:      layout_loops_ring, grunt_qazlal_sundering, serial_glass,
          glass_columns_a, glass_columns_c, due_unseen_surprise
D:7:      layout_loops_cross, vehumet_crystals, serial_shops, shop
D:8:      layout_loops_ring
D:9:      layout_irregular_city, kennysheep_little_box,
          kennysheep_generic_room_16, uniq_pikel, uniq_maggie
D:10:     layout_irregular_city, orc_0_dummy, library_closet,
          small_statue_intersection, minmay_misc_feat_roman, minmay_misc_feat_x
D:11:     layout_irregular_city, david_lair_generic,
          nicolae_trove_entry_crossroad, grunt_ministairs_8,
          evilmike_ruin_ashenzari, uniq_fannar
D:12:     layout_irregular_city

Skill      XL: |  1  2  3  4  5  6  7  8  9 10 11 |
---------------+----------------------------------+-----
Fighting       | 2 3 4 5 6 7 |  7.7
Transmutations | 3 4 5 7 8 |  8.0
Unarmed Combat | 4 5 6 7 9 10 | 10.8
Stealth        | 1 2 3 4 6 8 10 | 10.0
Poison Magic   | 1 2 3 4 |  4.0
Evocations     | 1 2 3 5 0 |  0.0
Dodging        | 3 4 5 |  5.0
Spellcasting   | 3 |  3.3

Action                   |  1- 3 |  4- 6 |  7- 9 | 10-12 || total
-------------------------+-------+-------+-------+-------++-------
Melee: Unarmed           |    66 |   102 |   259 |   375 ||   802
       Constrict         |    19 |    23 |    17 |    20 ||    79
       Kick              |    12 |    31 |    22 |    26 ||    91
       Tentacles         |     9 |    13 |    16 |    25 ||    63
       Punch             |     2 |     1 |     2 |    12 ||    17
Throw: Boomerang         |       |     2 |     9 |    12 ||    23
 Cast: Beastly Appendage |    14 |    18 |    18 |    17 ||    67
       Spider Form       |       |     6 |    28 |    37 ||    71
       Wereblood         |       |       |       |     2 ||     2
       Blade Hands       |       |       |       |     8 ||     8
Invok: Sacrifice Words   |       |     1 |       |       ||     1
       Sacrifice Artific |       |       |       |     1 ||     1
       Reject Sacrifices |       |       |       |     1 ||     1
  Use: Scroll            |       |     6 |     4 |     4 ||    14
       Potion            |       |     1 |     2 |     5 ||     8
 Stab: Sleeping          |     5 |     7 |    14 |    10 ||    36
       Distracted        |     1 |       |     1 |     4 ||     6
       Invisible         |       |       |       |     3 ||     3
Armor: Skin              |     7 |     6 |    17 |    29 ||    59
Dodge: Dodged            |    39 |    64 |   212 |   373 ||   688

Table legend: (Time is in decaauts)
 A = Elapsed time spent in this place.
 B = Non-inter-level travel time spent in this place.
 C = Inter-level travel time spent in this place.
 D = Time resting spent in this place.
 E = Time spent auto-exploring this place.
 F = Levels seen in this place.
 G = Mean time per level.
                   A        B        C        D        E       F      G
               +--------+--------+--------+--------+--------+-----+--------+
         Total |  13989 |  13691 |    298 |   2265 |   9141 |  12 | 1165.8 |
       Dungeon |  13989 |  13691 |    298 |   2265 |   9141 |  12 | 1165.8 |
               +--------+--------+--------+--------+--------+-----+--------+

Top non-repeatable levels by time:
     D:9: 2114 daAuts
    D:11: 1727 daAuts
     D:4: 1535 daAuts
     D:6: 1410 daAuts
    D:10: 1308 daAuts
     D:3: 1177 daAuts
     D:8: 1171 daAuts
     D:2: 1072 daAuts
     D:1: 1035 daAuts
     D:5: 757 daAuts
     D:7: 669 daAuts
    D:12: 9 daAuts
